 Dungeon Crawl Stone Soup version 0.30-a0-476-g330ca2eb8e (webtiles) character file.

Game seed: 11731508450027508457

12308 Armakuni the Destroyer (level 11, -11/121 HPs)
             Began as a Demigod Conjurer on Dec 21, 2022.
             Killed by divine providence
             ... invoked by an orc priest
              (16 damage)
             ... on level 9 of the Dungeon.
             The game lasted 00:35:19 (14116 turns).

Armakuni the Destroyer (Demigod Conjurer)          Turns: 14116, Time: 00:35:19

Health: -11/121    AC: 10    Str: 20    XL:     11   Next: 35%
Magic:  6/26       EV: 11    Int: 20    God:
Gold:   461        SH:  0    Dex: 12    Spells: 13/25 levels left

rFire   . . .      SeeInvis .    a - -1 demon whip (venom)
rCold   . . .      Faith    .    (no shield)
rNeg    . . .      Spirit   .    q - +1 leather armour {Will+}
rPois   .          Reflect  .    (no helmet)
rElec   .          Harm     .    f - +0 cloak
rCorr   .          Rampage  .    i - +0 pair of gloves
Will    +++..                    (no boots)
Stlth   ..........               A - amulet of the acrobat
HPRegen 0.40/turn                P - +4 ring of protection
MPRegen 0.20/turn                W - ring of willpower

@: berserking (expiring), hasted, very quick
A: high MP 1, forlorn, divine attributes, robust 1, subdued magic 1
a: no special abilities


You were on level 9 of the Dungeon.
You visited 1 branch of the dungeon, and saw 9 of its levels.
You also visited: Bailey.

You collected 461 gold pieces.

Inventory:

Hand Weapons
 a - a -1 demon whip of venom (weapon)
 b - a +2 vampiric broad axe
 t - a +2 long sword of flaming
Missiles
 u - 6 throwing nets
 C - 3 boomerangs
 L - 2 javelins
 O - a curare-tipped dart
Armour
 f - a +0 cloak (worn)
 i - a +0 pair of gloves (worn)
 m - a +0 buckler
 q - a +1 leather armour of willpower (worn)
 w - a +0 crystal plate armour
 x - a +3 scale mail of cold resistance
Magical Staves
 y - a staff of poison
Jewellery
 k - the amulet of Recklessness {Reflect Rampage rElec rF- rN+ SH+5}
   (You found it on level 8 of the Dungeon)

   [amulet of reflection]

   It reflects blocked missile attacks.
   rF:        It makes you vulnerable to fire.
   rElec:     It insulates you from electricity.
   rN:        It protects you from negative energy.
   SH:        It affects your SH (+5).
   Rampage:   It bestows one free step when moving towards enemies.
 A - an amulet of the acrobat (around neck)
 F - a ring of fire
 H - a +6 ring of dexterity
 K - a ring of resist corrosion
 P - a +4 ring of protection (left hand)
 W - a ring of willpower (right hand)
Wands
 v - a wand of flame (22)
 Q - a wand of digging (3)
Scrolls
 g - a scroll of magic mapping {unknown}
 n - 2 scrolls of silence
 p - 2 scrolls of amnesia
 s - 3 scrolls of noise
 G - a scroll of torment
 J - a scroll of fog {unknown}
 M - a scroll of butterflies
Potions
 d - 2 potions of brilliance
 h - a potion of flight {unknown}
 j - a potion of heal wounds
 l - a potion of cancellation {unknown}
 o - a potion of magic
 r - a potion of might
 z - a potion of degeneration {unknown}
 E - a potion of attraction {unknown}
 I - a potion of lignification {unknown}
 N - a potion of ambrosia


   Skills:
 - Level 1.7 Dodging
 - Level 1.7 Stealth
 + Level 7.8 Spellcasting
 - Level 12.0 Conjurations
 - Level 10.0 Translocations


You had 13 spell levels left.
You knew the following spells:

 Your Spells              Type           Power      Damage    Failure   Level
a - Magic Dart            Conj           100%       1d8       1%          1
b - Blink                 Tloc           72%        N/A       1%          2
m - Iskenderun's Mystic   Conj/Tloc      39%        2d9       1%          4
p - Portal Projectile     Hex/Tloc       42%        N/A       3%          3
z - Searing Ray           Conj           84%        2d7       1%          2

Your spell library contained the following spells:

 Spells                   Type           Power      Damage    Failure   Level
 Dazzling Flash           Conj/Hex       48%        N/A       1%          3
 Manifold Assault         Tloc           36%        N/A       1%          4
 Passage of Golubria      Tloc           36%        N/A       1%          4
 Fulminant Prism          Conj/Hex       12%        3d9       7%          4
 Beastly Appendage        Tmut           12%        N/A       9%          1
 Wereblood                Tmut           6%         N/A       13%         2
 Spider Form              Tmut/Pois      6%         N/A       26%         3
 Tukima's Dance           Hex            6%         N/A       26%         3
 Blade Hands              Tmut           3%         N/A       95%         5
 Yara's Violent Unravell  Hex/Tmut       3%         3d4       95%         5
 Storm Form               Tmut/Air       3%         N/A       100%        7


Dungeon Overview and Level Annotations

Branches:
Dungeon (9/15)             Temple (0/1) D:7             Orc (0/2) D:9
 Bailey (visited)
   Lair: D:8-11

Shops:
D:5 :

Annotations:
D:8 1 transporter, Gastronok


Innate Abilities, Weirdness & Mutations

You have an increased reservoir of magic. (+10% MP)
You shall have no god before yourself.
Your divine heritage dramatically boosts your attributes as you level up.
You are robust. (+10% HP)
Your spells are a little easier to cast, but a little less powerful.


Message History

The hell hound is severely wounded.
The hell hound closely misses you.
You closely miss the hell hound.
The hell hound is severely wounded.
The hell hound completely misses you.
You whack the hell hound!
You kill the hell hound!
You whack the orc warrior!
The orc warrior is moderately wounded.
The orc warrior hits you with a +0 mace.
* * * LOW HITPOINT WARNING * * *
The orc priest miscasts a cantrip.
You barely miss the orc warrior.
The orc warrior is moderately wounded.
You closely miss the orc warrior.
The orc warrior is moderately wounded.
The orc warrior closely misses you. The orc barely misses you.
You whack the orc warrior!
The orc warrior is almost dead.
The orc warrior drinks a potion.
The orc warrior is healed!
You closely miss the orc warrior.
The orc warrior hits you with a +0 mace!
* * * LOW HITPOINT WARNING * * *
You whack the orc warrior!
The orc warrior looks as sick as possible!
The orc warrior is moderately wounded.
The orc closely misses you.
You whack the orc warrior!
The orc warrior looks as sick as possible!
The orc warrior is almost dead.
You kill the orc warrior!
The orc hits you but does no damage. The orc closely misses you.
You whack the orc warrior!
The orc warrior is severely wounded.
You closely miss the orc warrior.
The orc warrior is severely wounded.
The orc hits you but does no damage. x2
The orc priest calls down the wrath of Beogh upon you.
Beogh smites you!
You die...

.#.#. #.#.# # '...# #...####
# #...##### #......####
#.#.....# ####.#.....
.####.....#.# #.......
#...........###### #.....#.
#..#.............# #.#.....
#.....#...###o...# #...####
#.........oo@o...#####...# #
#..#....######'##........####
#.......# #...............
#....>o.# #....~≈≈≈~~~~~≈~
#.#.....# #....~≈≈≈≈≈≈≈≈≈≈
#.......# #....~≈#####≈~~~
#####...# #....~≈#...#....
#..o.....#....~≈#...#####
#.#.o....#....≈≈###'#


You could see an orc warrior, an orc priest and 2 orcs.

Vanquished Creatures
  2 two-headed ogres (D:9)
  Amaemon (D:8)
  Pikel (D:6)
  An orc knight (D:9)
  A cyclops (D:9)
  An orange demon (D:8)
  Maggie (D:8)
  5 kobold demonologists
  Sigmund (D:5)
  A wyvern (D:9)
  7 yaks (D:9)
  Eustachio (D:4)
  2 steam dragons (D:7)
  Menkaure (D:5)
  Edmund (D:5)
  5 wargs
  A water moccasin (D:7)
  A hell hound (D:9)
  4 orc warriors
  2 sky beasts
  2 ice beasts
  A centaur (D:6)
  3 ogres
  6 wolves (Bailey)
  4 lemures (D:6)
  A bullfrog (D:8)
  A kobold brigand (D:9)
  A necrophage (D:3)
  10 gnoll sergeants
  2 scorpions
  13 wights
  3 killer bees (D:9)
  An oklob sapling (D:7)
  3 howler monkeys
  3 hounds
  2 jellies
  3 orc priests
  10 gnoll boudas
  6 iguanas
  11 orc wizards
  15 gnolls
  8 adders
  A white imp (D:8)
  An ufetubus (D:6)
  3 worms
  5 dart slugs
  24 orcs
  6 ball pythons
  8 endoplasms
  5 giant cockroaches
  8 goblins
  5 hobgoblins
  12 jackals
  11 kobolds
  3 quokkas
  3 bats (D:1)
  3 frilled lizards
  5 rats
252 creatures vanquished.

Vanquished Creatures (collateral kills)
  A gnoll sergeant (D:9)
1 creature vanquished.

Vanquished Creatures (others)
  A fungus (D:9)
  13 plants
  4 toadstools (D:1)
18 creatures vanquished.

Grand Total: 271 creatures vanquished

Notes
Turn   | Place    | Note
-------+----------+-------------------------------------------
     0 | D:1      | Armakuni the Demigod Conjurer began the quest for the Orb.
     0 | D:1      | Reached XP level 1. HP: 14/14 MP: 5/5
   251 | D:1      | Reached skill level 4 in Conjurations
   257 | D:1      | Reached XP level 2. HP: 20/20 MP: 1/7
   314 | D:1      | Learned a level 2 spell: Searing Ray
   760 | D:1      | Reached XP level 3. HP: 17/26 MP: 2/8
  1203 | D:1      | Reached skill level 5 in Conjurations
  2422 | D:3      | Reached XP level 4. HP: 29/33 MP: 4/9
  2744 | D:3      | Noticed an ogre
  2758 | D:3      | Killed an ogre
  2759 | D:3      | Reached XP level 5. HP: 38/38 MP: 1/12
  2767 | D:3      | Learned a level 4 spell: Iskenderun's Mystic Blast
  2770 | D:3      | Learned a level 2 spell: Blink
  3080 | D:3      | Reached skill level 6 in Conjurations
  4047 | D:4      | Noticed an ogre
  4056 | D:4      | Killed an ogre
  4057 | D:4      | Reached XP level 6. HP: 45/45 MP: 4/13
  4283 | D:4      | Noticed Eustachio
  4299 | D:4      | Killed Eustachio
  4300 | D:4      | Reached skill level 7 in Conjurations
  4772 | D:5      | Entered Level 5 of the Dungeon
  4889 | D:5      | Noticed Menkaure
  4894 | D:5      | Killed Menkaure
  4895 | D:5      | Reached XP level 7. HP: 23/50 MP: 6/14
  5002 | D:5      | Noticed Edmund
  5014 | D:5      | Killed Edmund
  5015 | D:5      | Reached skill level 8 in Conjurations
  5329 | D:5      | Reached skill level 9 in Conjurations
  5579 | D:5      | Noticed Sigmund
  5585 | D:5      | Killed Sigmund
  5586 | D:5      | Reached XP level 8. HP: 57/57 MP: 7/15
  5916 | D:5      | Found Quwky's Self-Improvement Boutique.
  6216 | D:6      | Reached skill level 10 in Conjurations
  6224 | D:6      | Reached skill level 1 in Translocations
  6354 | D:6      | Noticed Pikel
  7310 | D:6      | Killed Pikel
  7311 | D:6      | Reached skill level 5 in Translocations
  7311 | D:6      | Reached XP level 9. HP: 62/62 MP: 9/16
  7629 | D:7      | Found a staircase to the Ecumenical Temple.
  7629 | D:7      | Found a flagged portal.
  7764 | Bailey   | Entered a bailey
  9966 | D:7      | Reached XP level 10. HP: 51/69 MP: 8/17
 10220 | D:7      | Learned a level 3 spell: Portal Projectile
 10355 | D:8      | Reached skill level 10 in Translocations
 10442 | D:8      | Noticed Maggie
 10454 | D:8      | Gained mutation: Your body sometimes deteriorates upon
                  | taking damage. [potion of mutation]
 10635 | D:8      | Killed Maggie
 11089 | D:8      | Noticed Amaemon
 11112 | D:8      | Killed Amaemon
 11113 | D:8      | Reached skill level 11 in Conjurations
 11370 | D:8      | Identified the amulet of Recklessness {Reflect Rampage
                  | rElec rF- rN+ SH+5}
 11591 | D:8      | Noticed Gastronok
 11854 | D:8      | Found a transporter.
 12029 | D:9      | Found a staircase to the Orcish Mines.
 12374 | D:9      | Noticed a smoke demon
 12378 | D:9      | Reached skill level 12 in Conjurations
 12699 | D:9      | Noticed a cyclops
 12857 | D:9      | Killed a cyclops
 12915 | D:9      | Lost mutation: Your body sometimes deteriorates upon taking
                  | damage. [potion of mutation]
 12915 | D:9      | Gained mutation: Your body sometimes deteriorates upon
                  | taking damage. [potion of mutation]
 12915 | D:9      | Gained mutation: You are clumsy. (Dex -2) [potion of
                  | mutation]
 12916 | D:9      | Lost mutation: Your body sometimes deteriorates upon taking
                  | damage. [potion of mutation]
 12916 | D:9      | Lost mutation: You are clumsy. (Dex -2) [potion of
                  | mutation]
 12916 | D:9      | Gained mutation: Your spells are a little easier to cast,
                  | but a little less powerful. [potion of mutation]
 12916 | D:9      | Gained mutation: You are robust. (+10% HP) [potion of
                  | mutation]
 13236 | D:9      | Noticed an orc knight
 13249 | D:9      | Killed an orc knight
 13250 | D:9      | Reached skill level 5 in Spellcasting
 13280 | D:9      | Reached XP level 11. HP: 80/81 MP: 17/23
 13299 | D:9      | Noticed a two-headed ogre
 13311 | D:9      | Killed a two-headed ogre
 13708 | D:8      | Noticed a sixfirhy
 14072 | D:9      | Noticed a two-headed ogre
 14083 | D:9      | Killed a two-headed ogre
 14112 | D:9      | HP: 4/121 [orc warrior/+0 mace (11)]
 14116 | D:9      | Killed from afar by an orc priest

Illustrated notes

Levels and vault maps discovered:
D:1:      ldierk_walled_garden_2, layout_rooms, serial_co_window_serial,
          co_window_of_opportunity_a, co_window_paths_b, co_window_paths_b,
          co_window_of_opportunity_a, co_window_paths_a, co_window_paths_b,
          co_window_corner_a, co_window_corner_ca, co_window_cross_4,
          co_window_cross_4, co_window_2corner, co_window_corner_cb,
          dreamdust_princess_bridge, columned_hall_lemuel, minmay_pentomino_s4
D:2:      layout_loops_corners, chequers_serial_rivers_small_b,
          hangedman_glass_teeth
D:3:      layout_basic, mainiacjoe_overflow_swirl, corexii_corridor_pit,
          st_stairs_11, wad_rectangle_vault
D:4:      layout_loops_ring, uniq_eustachio
D:5:      layout_basic, nicolae_shop_self_help, uniq_edmund, uniq_menkaure,
          uniq_sigmund
D:6:      layout_loops_ring, uniq_pikel
D:7:      layout_basic, minmay_temple_entry_oklob, enter_bailey_2,
          chequers_garden, minmay_between
D:8:      gammafunk_beogh_shrine, layout_basic, kennysheep_donut, uniq_amaemon,
          uniq_maggie, uniq_gastronok
D:9:      lemuel_castle_with_subvaults [lemuel_castle_interior_carwin_2],
          layout_stronghold, orc_0_dummy, minmay_strange_pillars

Skill      XL: |  1  2  3  4  5  6  7  8  9 10 11 |
---------------+----------------------------------+-----
Conjurations   | 4 5 6 7 9 10 12 | 12.0
Spellcasting   | 3 5 7 |  7.8
Translocations | 5 9 10 | 10.0
Dodging        | |  1.7
Stealth        | |  1.7

Action                   |  1- 3 |  4- 6 |  7- 9 | 10-12 || total
-------------------------+-------+-------+-------+-------++-------
Melee: Dagger            |    84 |    50 |    98 |    38 ||   270
       Punch             |       |     2 |     3 |       ||     5
       Halberd           |       |       |     6 |       ||     6
       Demon whip        |       |       |       |   101 ||   101
 Cast: Magic Dart        |    15 |       |       |       ||    15
       Searing Ray       |     9 |    19 |    87 |    75 ||   190
       Iskenderun's Myst |       |       |    11 |    11 ||    22
Evoke: Wand              |       |     1 |     9 |    17 ||    27
  Use: Scroll            |       |       |    11 |     5 ||    16
       Potion            |       |       |     2 |    10 ||    12
 Stab: Sleeping          |     2 |     3 |       |       ||     5
Armor: Robe              |    24 |     7 |       |       ||    31
       Leather armour    |       |     5 |    85 |    82 ||   172
Dodge: Dodged            |    77 |    30 |   176 |   234 ||   517

Table legend: (Time is in decaauts)
 A = Elapsed time spent in this place.
 B = Non-inter-level travel time spent in this place.
 C = Inter-level travel time spent in this place.
 D = Time resting spent in this place.
 E = Time spent auto-exploring this place.
 F = Levels seen in this place.
 G = Mean time per level.
                   A        B        C        D        E       F      G
               +--------+--------+--------+--------+--------+-----+--------+
         Total |  14132 |  13613 |    519 |   4380 |   6411 |  10 | 1413.2 |
       Dungeon |  12698 |  12179 |    519 |   3651 |   6104 |   9 | 1410.9 |
        Bailey |   1434 |   1434 |      0 |    729 |    307 |   1 | 1434.0 |
               +--------+--------+--------+--------+--------+-----+--------+

Top non-repeatable levels by time:
     D:8: 2004 daAuts
     D:3: 1641 daAuts
     D:9: 1584 daAuts
  Bailey: 1434 daAuts
     D:6: 1428 daAuts
     D:5: 1424 daAuts
     D:7: 1403 daAuts
     D:1: 1241 daAuts
     D:2: 1077 daAuts
     D:4: 893 daAuts
